 Dungeon Crawl Stone Soup version 0.31-a0-204-g7da18cac08 (webtiles) character file.

Game seed: 15850911379846564974

1436 qw the Skirmisher (level 8, -1/46 HPs)
             Began as a Deep Elf Hunter on June 27, 2023.
             Slain by a hornet (11 damage)
             ... on level 6 of the Dungeon.
             The game lasted 00:01:22 (3345 turns).

qw the Skirmisher (Deep Elf Hunter)                 Turns: 3345, Time: 00:01:23

Health: -1/46      AC: 10    Str: 10    XL:     8   Next: 45%
Magic:  10/10      EV: 10    Int: 15    God:
Gold:   44         SH:  0    Dex: 18    Spells: 7/7 levels left

rFire   + . .        Y - +0 arbalest
rCold   . . .        (shield currently unavailable)
rNeg    . . .        b - +2 scale mail {rF+}
rPois   .            l - +0 helmet
rElec   .            (no cloak)
rCorr   .            a - +0 pair of gloves
SInv    .            (no boots)
Will    .....        e - amulet of regeneration
Stlth   +            f - +4 ring of slaying {mikee}
HPRegen 1.07/turn    (no ring)
MPRegen 0.12/turn

%: no passive effects
@: lethally poisoned (-1 -> -2), slowed, very slow
A: no striking features
a: no special abilities


You were on level 6 of the Dungeon.
You visited 1 branch of the dungeon, and saw 6 of its levels.

You collected 410 gold pieces.
You spent 366 gold pieces at shops.


   Skills:
 - Level 3.0 Fighting
 + Level 12.9 Ranged Weapons
 - Level 2.0 Armour
 - Level 4.2 Dodging
 - Level 1.2 Stealth


You had 7 spell levels left.
You didn't know any spells.
Your spell library was empty.

Inventory:

Hand Weapons
 Y - a +0 arbalest (weapon)
Armour
 a - a +0 pair of gloves (worn)
 b - a +2 scale mail of fire resistance (worn)
 l - a +0 helmet (worn)
Jewellery
 c - a ring of poison resistance
 e - an amulet of regeneration (around neck)
 f - a +4 ring of slaying (left hand) {mikee}
Scrolls
 h - a scroll of identify
 k - a scroll of teleportation
Potions
 d - a potion of mutation {unknown}
 g - 3 potions of curing
 i - a potion of resistance {unknown}
 j - a potion of cancellation {unknown}
 m - a potion of invisibility {unknown}

Dungeon Overview and Level Annotations

Branches:
Dungeon (6/15)
 Temple: D:4-7

Altars:
Ashenzari
Cheibriados
Dithmenos
Kikubaaqudgha
Makhleb
Trog
Vehumet
Yredelemnul

Shops:
D:3 :   D:5 (*[!:

Annotations:
D:3 1 runed translucent door, Crazy Yiuf
D:4 2 runed translucent doors, qw's ghost, amateur DEHu


Message History

c - a ring of poison resistance You now have 44 gold pieces (gained 14).
There is a stone staircase leading down here.
An ice beast comes into view.
You shoot a bolt. The bolt hits the ice beast!!
The ice beast is severely wounded.
You shoot a bolt. The bolt closely misses the ice beast.
You shoot a bolt. The bolt hits the ice beast!!
You kill the ice beast!
You see here a wand of acid (10).
Found a stone staircase leading down.
Enter note:
Enter note: A hornet comes into view.
The hornet buzzes angrily.
Enter note: You shoot a bolt.
The bolt hits the hornet.
The hornet is lightly wounded.
You shoot a bolt.
The bolt hits the hornet but does no damage.
The hornet is lightly wounded.
You shoot a bolt. The bolt hits the hornet.
The hornet is lightly wounded.
The hornet stings you!
You feel yourself slow down. The hornet barely misses you.
The hornet stings you but does no damage.
You shoot a bolt. The bolt closely misses the hornet.
You feel yourself speed up. The hornet stings you!
You feel yourself slow down. The hornet stings you.
You are poisoned.
You feel as though you will be slow longer.
The hornet stings you.
You suddenly lose the ability to move!
You can move again.
You shoot a bolt. The bolt hits the hornet!
The hornet is moderately wounded.
You feel very sick. The hornet closely misses you. The hornet stings you!
You feel as though you will be slow longer.
The hornet stings you!
You die...

### #.## ##.## ##.#####
##.##.# ######
#...###....>## ###
###.....@y......
##.#####...............
##......................
...#....................
........................
....../.................
........................
........................
...................


You could see a hornet.

Vanquished Creatures
  Grinder (D:3)
  Sigmund (D:3)
  A water moccasin (D:5)
  An ice beast (D:6)
  A black bear (D:5)
  An ogre (D:4)
  Blork the orc (D:4)
  A scorpion (D:4)
  4 hounds
  2 orc priests (D:4)
  A jelly (D:5)
  A sleepcap (D:4)
  3 iguanas
  3 orc wizards (D:4)
  A mummy (D:3)
  Robin (D:3)
  A gnoll (D:1)
  8 adders
  A white imp (D:5)
  3 worms
  A dart slug (D:1)
  5 orcs
  2 bat zombies (D:5)
  8 endoplasms
  4 giant cockroaches
  10 goblins
  9 hobgoblins
  7 jackals
  5 quokkas
  7 ball pythons
  2 bats
  4 frilled lizards
  3 kobolds
  9 rats
113 creatures vanquished.

Notes
Turn   | Place    | Note
-------+----------+-------------------------------------------
     0 | D:1      | qw the Deep Elf Hunter began the quest for the Orb.
     0 | D:1      | Reached XP level 1. HP: 12/12 MP: 3/3
     0 | D:1      | 0 ||| qw: Version: 0.3-a-22-g0ed2b0b
     0 | D:1      | 0 ||| qw: Game counter: 6472
     0 | D:1      | 0 ||| qw: Melee chars always use a shield: true
     0 | D:1      | 0 ||| qw: God list: Okawaru
     0 | D:1      | 0 ||| qw: Allow faded altars: false
     0 | D:1      | 0 ||| qw: Do Orc after clearing Dungeon:15 true
     0 | D:1      | 0 ||| qw: Do second Lair branch before Depths: true
     0 | D:1      | 0 ||| qw: Lair rune preference: random
     0 | D:1      | 0 ||| qw: Goals: Normal
     0 | D:1      | 0 ||| PLANNING D:1-11
    83 | D:1      | Reached skill level 6 in Ranged Weapons
    83 | D:1      | Reached XP level 2. HP: 16/16 MP: 4/4
   257 | D:1      | Reached XP level 3. HP: 20/20 MP: 5/5
   373 | D:1      | Found a faded altar of an unknown god.
   653 | D:1      | 653 ||| UPGRADING to amulet of regeneration.
   658 | D:1      | 658 ||| UPGRADING to +4 ring of slaying {mikee}.
   659 | D:1      | 659 ||| READING scroll labelled OFIKHL GASYSY.
   760 | D:1      | 760 ||| READING 2 scrolls labelled BALONO XAYFULE.
   761 | D:1      | 761 ||| DROPPING scroll of butterflies.
   829 | D:2      | Reached skill level 7 in Ranged Weapons
  1021 | D:2      | Reached XP level 4. HP: 25/25 MP: 6/6
  1184 | D:2      | Found a burning altar of Makhleb.
  1253 | D:2      | 1253 ||| READING scroll labelled CEOSOTHIPTE.
  1254 | D:2      | 1254 ||| READING scroll labelled IFAIHY BEVOEWE.
  1259 | D:2      | 1259 ||| READING scroll labelled DICSEBEAZA.
  1259 | D:2      | Identified a scroll of acquirement
  1259 | D:2      | 1259 ||| ACQUIRING +3 shortbow of flaming
  1259 | D:2      | Acquired a +3 shortbow of flaming
  1261 | D:2      | 1261 ||| SWAPPING to +3 shortbow of flaming.
  1262 | D:2      | 1262 ||| DROPPING +0 shortbow.
  1395 | D:3      | Noticed Sigmund
  1409 | D:3      | HP: 5/25 [something/puff of flame (10)]
  1419 | D:3      | Killed Sigmund
  1420 | D:3      | Reached skill level 9 in Ranged Weapons
  1420 | D:3      | Reached XP level 5. HP: 15/29 MP: 7/7
  1538 | D:3      | Found Cietiuw's Book Shop.
  1592 | D:3      | Reached skill level 3 in Dodging
  1592 | D:3      | Reached XP level 6. HP: 34/34 MP: 8/8
  1640 | D:3      | Found a snail-covered altar of Cheibriados.
  1708 | D:3      | Noticed Robin
  1710 | D:3      | 1710 ||| Stepping ~*~*~tactically~*~*~ (outnumbered).
  1720 | D:3      | 1720 ||| Stepping ~*~*~tactically~*~*~ (outnumbered).
  1725 | D:3      | Killed Robin
  1908 | D:3      | Noticed Grinder
  1914 | D:3      | Killed Grinder
  1915 | D:3      | Reached skill level 10 in Ranged Weapons
  2032 | D:3      | Found a runed translucent door.
  2033 | D:3      | Noticed Crazy Yiuf
  2036 | D:3      | 2036 ||| UPGRADING to +0 helmet.
  2041 | D:3      | 2041 ||| READING scroll labelled LIYNIUS JEDA.
  2134 | D:4      | Reached XP level 7. HP: 40/40 MP: 9/9
  2184 | D:4      | Found a basalt altar of Yredelemnul.
  2213 | D:4      | Found a radiant altar of Vehumet.
  2245 | D:4      | 2245 ||| Stepping ~*~*~tactically~*~*~ (outnumbered).
  2251 | D:4      | Reached skill level 11 in Ranged Weapons
  2253 | D:4      | 2253 ||| DRINKING 3 potions of curing.
  2253 | D:4      | 2253 ||| (to cure confusion)
  2279 | D:4      | Found a runed translucent door.
  2279 | D:4      | Noticed qw's ghost (amateur DEHu)
  2329 | D:4      | Reached skill level 12 in Ranged Weapons
  2357 | D:4      | Noticed Blork the orc
  2361 | D:4      | Killed Blork the orc
  2362 | D:4      | Reached XP level 8. HP: 45/45 MP: 10/10
  2524 | D:4      | Found a runed translucent door.
  2652 | D:4      | 2652 ||| UPGRADING to +0 pair of gloves.
  2657 | D:4      | 2657 ||| UPGRADING to +0 ring mail.
  2667 | D:4      | 2667 ||| DROPPING +0 leather armour.
  2668 | D:4      | 2668 ||| READING 2 scrolls labelled ZIOMAM INGI.
  2669 | D:4      | 2669 ||| DRINKING 2 fuming yellow potions.
  2670 | D:4      | 2670 ||| READING 2 scrolls of identify.
  2670 | D:4      | 2670 ||| IDENTIFYING inky potion
  2671 | D:4      | 2671 ||| DROPPING potion of attraction.
  2672 | D:4      | 2672 ||| DROPPING scroll of vulnerability.
  2673 | D:4      | 2673 ||| DROPPING potion of magic.
  2688 | D:5      | Entered Level 5 of the Dungeon
  2688 | D:5      | Found Sialem's General Store.
  2688 | D:5      | Found Hugoqil's Antique Armour Boutique.
  2688 | D:5      | Found Hosakk's Distillery.
  2690 | D:5      | 2690 ||| BUYING +2 scale mail of fire resistance (210
                  | gold).
  2690 | D:5      | Bought a +2 scale mail of fire resistance for 210 gold
                  | pieces
  2690 | D:5      | 2690 ||| BUYING potion of curing (30 gold).
  2690 | D:5      | Bought a potion of curing for 30 gold pieces
  2690 | D:5      | 2690 ||| UPGRADING to +2 scale mail of fire resistance.
  2700 | D:5      | 2700 ||| DROPPING +0 ring mail.
  2717 | D:5      | 2717 ||| SHOPLISTING masterwork leather armour (182 gold,
                  | have 97).
  2717 | D:5      | 2717 ||| SHOPLISTING pair of boots (117 gold, have 97).
  2817 | D:5      | Found Gucioqyo's Tiny Tomes.
  2928 | D:5      | Reached skill level 3 in Fighting
  2954 | D:5      | Found a bloodstained altar of Trog.
  2959 | D:5      | Found a shadowy altar of Dithmenos.
  2963 | D:5      | Found a broken altar of Ashenzari.
  3057 | D:5      | Found Wyzywup's Antique Weapon Emporium.
  3071 | D:5      | 3071 ||| BUYING arbalest (126 gold).
  3071 | D:5      | Bought an arbalest for 126 gold pieces
  3071 | D:5      | 3071 ||| SWAPPING to +0 arbalest.
  3072 | D:5      | 3072 ||| DROPPING +4 shortbow of flaming.
  3220 | D:5      | Found an ancient bone altar of Kikubaaqudgha.
  3221 | D:5      | 3221 ||| READING scroll labelled JEOWIE MARPHU.
  3222 | D:5      | 3222 ||| READING scroll labelled BIRUMN YS GOJO.
  3340 | D:6      | Noticed a hornet
  3344 | D:6      | Paralysed by a hornet for 2 turns
  3345 | D:6      | HP: 10/46 [hornet (8)]
  3345 | D:6      | Slain by a hornet

Levels and vault maps discovered:
D:1:      lightli_arrival_statue_moat, layout_basic,
          dreamdust_ecumenical_altar_angels_and_demons
D:2:      layout_loops_ring, basic_altar
D:3:      layout_loops_ring, slow_altar_1, serial_shops, shop_coins,
          minmay_cut_off, uniq_grinder, uniq_crazy_yiuf_cottage, uniq_robin,
          uniq_sigmund
D:4:      layout_cave_pools, nicolae_overflow_crystal_walls, vehumet_crystals,
          ebering_ghost_sewer_f, uniq_blork_the_orc
D:5:      layout_cave_pools, lemuel_zombie_altar_kikubaaqudgha,
          minmay_overflow_temple_star_quad, serial_shops,
          nicolae_shop_tiny_glass, nicolae_shop_i_like_small_books_too,
          nicolae_shop_distant_corner_stores, hangedman_abyss_or_decor_passed,
          hangedman_decor_points, nicolae_titane
D:6:      layout_layer_cave, uniq_edmund

Skill      XL: |  1  2  3  4  5  6  7  8 |
---------------+-------------------------+-----
Ranged Weapons | 6 7 9 10 12 | 12.9
Dodging        | 3 4 |  4.2
Fighting       | 2 3 |  3.0
Armour         | 2 |  2.0
Stealth        | |  1.2

Action                     |  1- 3 |  4- 6 |  7- 9 || total
---------------------------+-------+-------+-------++-------
   Fire: Shortbow          |    70 |    74 |    79 ||   223
         Arbalest          |       |       |    19 ||    19
    Use: Scroll            |     2 |     4 |     4 ||    10
         Potion            |       |       |     2 ||     2
 Armour: Leather armour    |     4 |     4 |     2 ||    10
         Scale mail        |       |       |     7 ||     7
  Dodge: Dodged            |     5 |    10 |    15 ||    30

Table legend:
 A = Non-vault XP
 B = Vault XP
 C = Vault XP percentage of total XP
 D = Non-vault monster count
 E = Vault monster count
 F = Vault count percentage of total count
                 A         B        C        D         E       F
            +---------+---------+-------+---------+---------+-------
      Total |    1395 |     657 |  32.0 |      91 |      22 |  19.5
            +---------+---------+-------+---------+---------+-------
        D:1 |      43 |       0 |   0.0 |      19 |       0 |   0.0
        D:2 |      61 |       0 |   0.0 |      14 |       0 |   0.0
        D:3 |      46 |     553 |  92.3 |      18 |      19 |  51.4
        D:4 |     631 |     100 |  13.7 |      24 |       1 |   4.0
        D:5 |     485 |       4 |   0.8 |      15 |       2 |  11.8
        D:6 |     129 |       0 |   0.0 |       1 |       0 |   0.0
            +---------+---------+-------+---------+---------+-------
